 Dungeon Crawl Stone Soup version 0.31.0-11-ge490571c62 (webtiles) character file.

Game seed: 8952380987404103488

826 qw the Shooter (level 7, -11/35 HPs)
             Began as a Spriggan Hunter on Feb 5, 2024.
             Mangled by Pikel
             ... wielding a +0 whip of electrocution
              (13 damage)
             ... on level 5 of the Dungeon.
             The game lasted 00:02:43 (3867 turns).

qw the Shooter (Spriggan Hunter)                    Turns: 3867, Time: 00:02:43

Health: -11/35     AC:  2    Str:  6 (7)  XL:     7   Next: 64%
Magic:  8/8        EV: 22    Int:  7 (10) God:
Gold:   210        SH:  0    Dex: 19 (21) Spells: 6/6 levels left

rFire   . . .        a - +0 shortbow
rCold   . . .        (shield currently unavailable)
rNeg    . . .        c - +0 robe
rPois   .            (helmet restricted)
rElec   .            (no cloak)
rCorr   .            (gloves unavailable)
SInv    +            (boots unavailable)
Will    +....        (no amulet)
Stlth   ++           (no ring)
HPRegen 0.25/turn    (no ring)
MPRegen 0.11/turn

%: no passive effects
@: very quick
A: very small, no large weapons, unfitting armour, see invisible, speed 3
a: no special abilities


You were on level 5 of the Dungeon.
You visited 1 branch of the dungeon, and saw 5 of its levels.

You collected 210 gold pieces.


Innate Abilities, Weirdness & Mutations

You are very small and have problems with some larger weapons.
You are too small for most types of armour.
You have supernaturally acute eyesight. (SInv)
You cover ground extremely quickly. (Speed+++)


   Skills:
 - Level 2.0 Fighting
 + Level 7.9 Ranged Weapons
 - Level 7.1 Dodging
 - Level 1.5 Stealth


You had 6 spell levels left.
You didn't know any spells.
Your spell library was empty.

Inventory:

Hand Weapons
 a - a +0 shortbow (weapon)
Armour
 c - a +0 robe (worn)
Wands
 g - a wand of polymorph (10)
Potions
 b - 2 potions of curing
 e - a potion of mutation
 f - a potion of heal wounds {unknown}
 h - a potion of resistance {unknown}
 i - a potion of cancellation {unknown}

Dungeon Overview and Level Annotations

Branches:
Dungeon (5/15)
 Temple: D:4-7

Altars:
Cheibriados
Dithmenos
Elyvilon
Qazlal
Ru
Zin

Annotations:
D:5 Pikel


Message History

The lemure hits you but does no damage.
You hear a shout!
You shoot an arrow. The arrow hits the lemure.
The lemure is heavily wounded.
You hear a shout!
The lemure completely misses you.
You shoot an arrow. The arrow hits the lemure!
The lemure is almost dead.
The lemure completely misses you.
You shoot an arrow. The arrow hits the lemure.
The lemure is almost dead.
You hear a shout!
A centaur comes into view.
The lemure hits you.
A lemure comes into view.
The centaur moves out of view.
You hear a shout!
You shoot an arrow. The arrow hits the lemure.
You kill the lemure!
That felt strangely unrewarding.
You shoot an arrow. The arrow hits Pikel!
Pikel is moderately wounded.
Pikel misses you. The lemure hits you.
You shoot an arrow.
The arrow hits Pikel but does no damage.
Pikel is lightly wounded.
The lemure completely misses you.
Pikel hits you with a +0 whip of electrocution.
You shoot an arrow. The arrow barely misses Pikel.
The arrow hits the lemure but does no damage.
Pikel hits you with a +0 whip of electrocution!
You are electrocuted!
The lemure misses you.
You shoot an arrow.
The arrow hits Pikel but does no damage.
Pikel is lightly wounded.
The lemure closely misses you.
A lemure comes into view.
Pikel hits you with a +0 whip of electrocution!
You die...
Pikel says, "See you in Hell!"

..........##.........#
####..<......)......#
#.#..##..........# #
##.#..#........#
#...##........# #...
#........#
....!##.5......#
#5..#..##K#######
....##.##@# .#. #5#
5c# .### .. .. #.. ..


You could see Pikel, 3 lemures and a centaur.

Vanquished Creatures
  Sigmund (D:2)
  A sky beast (D:4)
  A black bear (D:3)
  A lemure (D:5)
  2 scorpions (D:4)
  2 hounds
  An orc priest (D:5)
  Jessica (D:2)
  An iguana (D:5)
  An orc wizard (D:3)
  4 gnolls (D:3)
  6 adders
  A white imp (D:5)
  2 ribbon worms
  10 dart slugs
  5 orcs
  8 ball pythons
  3 bats
  5 endoplasms
  3 giant cockroaches
  10 goblins
  2 hobgoblins
  2 jackals (D:2)
  7 kobolds
  5 quokkas
  5 frilled lizards
  5 rats
95 creatures vanquished.

Notes
Turn   | Place    | Note
-------+----------+-------------------------------------------
     0 | D:1      | qw the Spriggan Hunter began the quest for the Orb.
     0 | D:1      | Reached XP level 1. HP: 10/10 MP: 2/2
     0 | D:1      | 0 ||| qw: Version: 0.3-a-160-g6735b56
     0 | D:1      | 0 ||| qw: Game counter: 6318
     0 | D:1      | 0 ||| qw: Melee chars always use a shield: true
     0 | D:1      | 0 ||| qw: God list: Okawaru
     0 | D:1      | 0 ||| qw: Allow faded altars: false
     0 | D:1      | 0 ||| qw: Do Orc after clearing Dungeon:15 true
     0 | D:1      | 0 ||| qw: Do second Lair branch before Depths: true
     0 | D:1      | 0 ||| qw: Lair rune preference: random
     0 | D:1      | 0 ||| qw: Goals: Normal
     0 | D:1      | 0 ||| PLANNING D:1-11
    38 | D:1      | Reached skill level 3 in Dodging
   118 | D:1      | Reached XP level 2. HP: 14/14 MP: 3/3
   691 | D:1      | 691 ||| READING scroll labelled RINIGG LETOSTA.
   692 | D:1      | 692 ||| READING scroll labelled JARUCZAAKO.
   692 | D:1      | 692 ||| IDENTIFYING red potion
   693 | D:1      | 693 ||| READING scroll labelled HEYSIZ JUF FEJA.
   694 | D:1      | 694 ||| DROPPING scroll of butterflies.
   779 | D:2      | Noticed Jessica
   783 | D:2      | Killed Jessica
   784 | D:2      | Reached XP level 3. HP: 18/18 MP: 4/4
   806 | D:2      | Found a shadowy altar of Dithmenos.
  1006 | D:2      | 1006 ||| FLEEEEING.
  1007 | D:2      | 1007 ||| FLEEEEING.
  1008 | D:2      | 1008 ||| FLEEEEING.
  1062 | D:2      | Reached XP level 4. HP: 22/22 MP: 5/5
  1215 | D:2      | HP: 5/22 [ribbon worm (7)]
  1385 | D:2      | Noticed Sigmund
  1391 | D:2      | Killed Sigmund
  1392 | D:2      | Reached XP level 5. HP: 9/25 MP: 6/6
  1392 | D:2      | 1392 ||| FLEEEEING.
  1393 | D:2      | 1393 ||| FLEEEEING.
  1394 | D:2      | 1394 ||| FLEEEEING.
  1395 | D:2      | 1395 ||| FLEEEEING.
  1396 | D:2      | 1396 ||| FLEEEEING.
  1397 | D:2      | 1397 ||| FLEEEEING.
  1398 | D:2      | 1398 ||| FLEEEEING.
  1399 | D:2      | 1399 ||| FLEEEEING.
  1400 | D:2      | 1400 ||| FLEEEEING.
  1401 | D:2      | 1401 ||| FLEEEEING.
  1402 | D:2      | 1402 ||| FLEEEEING.
  1403 | D:2      | 1403 ||| FLEEEEING.
  1404 | D:2      | 1404 ||| FLEEEEING.
  1409 | D:2      | 1409 ||| FLEEEEING.
  1410 | D:2      | 1410 ||| FLEEEEING.
  1412 | D:2      | 1412 ||| FLEEEEING.
  1413 | D:2      | 1413 ||| FLEEEEING.
  1414 | D:2      | 1414 ||| FLEEEEING.
  1415 | D:2      | 1415 ||| FLEEEEING.
  1416 | D:2      | 1416 ||| FLEEEEING.
  1417 | D:2      | 1417 ||| FLEEEEING.
  1418 | D:2      | 1418 ||| STAIRDANCE
  1464 | D:1      | 1464 ||| READING scroll labelled ONAOZU LAUZIMP.
  1565 | D:1      | 1565 ||| READING scroll labelled PIRYRE GIER.
  1565 | D:1      | 1565 ||| ENCHANTING +0 shortbow.
  1759 | D:2      | 1759 ||| READING scroll labelled OREPNA YKAIQUV.
  1828 | D:3      | Found a faded altar of an unknown god.
  1856 | D:3      | Reached XP level 6. HP: 19/30 MP: 7/7
  1951 | D:3      | HP: 7/30 [gnoll/+0 spear (2)]
  2280 | D:3      | Reached skill level 6 in Ranged Weapons
  2914 | D:3      | 2914 ||| READING scroll of identify.
  2914 | D:3      | 2914 ||| IDENTIFYING white potion
  2915 | D:3      | 2915 ||| READING 2 scrolls labelled MEYDGH GACUOBYTZ.
  2916 | D:3      | 2916 ||| DROPPING scroll of noise.
  3086 | D:4      | Reached XP level 7. HP: 35/35 MP: 8/8
  3116 | D:4      | Found a sacrificial altar of Ru.
  3250 | D:4      | Found a white marble altar of Elyvilon.
  3250 | D:4      | Found a glowing silver altar of Zin.
  3264 | D:4      | Found a stormy altar of Qazlal.
  3269 | D:4      | Found a snail-covered altar of Cheibriados.
  3691 | D:4      | 3691 ||| DRINKING 3 blue potions.
  3692 | D:4      | 3692 ||| DROPPING 2 potions of degeneration.
  3697 | D:5      | Entered Level 5 of the Dungeon
  3730 | D:5      | 3730 ||| FLEEEEING.
  3731 | D:5      | 3731 ||| FLEEEEING.
  3732 | D:5      | 3732 ||| FLEEEEING.
  3733 | D:5      | 3733 ||| FLEEEEING.
  3735 | D:5      | 3735 ||| FLEEEEING.
  3736 | D:5      | 3736 ||| FLEEEEING.
  3737 | D:5      | 3737 ||| FLEEEEING.
  3738 | D:5      | 3738 ||| FLEEEEING.
  3740 | D:5      | 3740 ||| FLEEEEING.
  3741 | D:5      | 3741 ||| STAIRDANCE
  3838 | D:5      | Noticed Pikel
  3839 | D:5      | 3839 ||| RETREEEEATING.
  3850 | D:5      | 3850 ||| RETREEEEATING.
  3851 | D:5      | 3851 ||| RETREEEEATING.
  3853 | D:5      | 3853 ||| RETREEEEATING.
  3854 | D:5      | 3854 ||| RETREEEEATING.
  3855 | D:5      | 3855 ||| RETREEEEATING.
  3856 | D:5      | 3856 ||| RETREEEEATING.
  3866 | D:5      | HP: 2/35 [Pikel/+0 whip of electrocution (13)]
  3867 | D:5      | Mangled by Pikel

Levels and vault maps discovered:
D:1:      minmay_arrival_split_and_join, layout_loops_ring
D:2:      layout_loops_ring, basic_altar, palyth_stone_intersect, uniq_jessica,
          uniq_sigmund
D:3:      layout_basic, basic_ecumenical_altar, chequers_serial_rivers_room_b
D:4:      kennysheep_slugbush, layout_basic, nicolae_ru_the_path_less_chosen,
          nicolae_overflow_macrodata_refinement, supply_closet_lemuel
D:5:      layout_rooms, uniq_blork_the_orc, uniq_pikel

Skill      XL: |  1  2  3  4  5  6  7 |
---------------+----------------------+-----
Dodging        | 3 4 7 |  7.1
Ranged Weapons | 5 6 7 |  7.9
Fighting       | 2 |  2.0
Stealth        | |  1.5

Action                     |  1- 3 |  4- 6 |  7- 9 || total
---------------------------+-------+-------+-------++-------
   Fire: Shortbow          |    82 |   173 |    86 ||   341
    Use: Scroll            |     3 |     5 |       ||     8
         Potion            |       |       |     1 ||     1
 Armour: Robe              |     2 |    19 |    13 ||    34
  Dodge: Dodged            |    10 |    76 |    24 ||   110

Table legend:
 A = Non-vault XP
 B = Vault XP
 C = Vault XP percentage of total XP
 D = Non-vault monster count
 E = Vault monster count
 F = Vault count percentage of total count
                 A         B        C        D         E       F
            +---------+---------+-------+---------+---------+-------
      Total |     881 |     299 |  25.3 |      83 |      11 |  11.7
            +---------+---------+-------+---------+---------+-------
        D:1 |      35 |       0 |   0.0 |      20 |       0 |   0.0
        D:2 |      43 |     263 |  85.9 |      18 |       2 |  10.0
        D:3 |     283 |       0 |   0.0 |      24 |       0 |   0.0
        D:4 |     388 |      36 |   8.5 |      16 |       9 |  36.0
        D:5 |     132 |       0 |   0.0 |       5 |       0 |   0.0
            +---------+---------+-------+---------+---------+-------
